 Dungeon Crawl Stone Soup version 0.32-a0-132-g2d33c3cfaf (webtiles) character file.

Game seed: 9475852752522174191

1488 Ge0ff the Spear-Bearer (level 8, -9/62 HPs)
             Began as a Mummy Chaos Knight on Feb 9, 2024.
             Was an Initiate of Gozag.
             Mangled by a yak (11 damage)
             ... on level 5 of the Dungeon.
             The game lasted 00:10:39 (7752 turns).

Ge0ff the Spear-Bearer (Mummy Chaos Knight)         Turns: 7752, Time: 00:10:39

Health: -9/62      AC:  7    Str: 17    XL:     8   Next: 51%
Magic:  8/8        EV: 15    Int: 11    God:    Gozag
Gold:   346        SH:  0    Dex: 12    Spells: 7/7 levels left

rFire   x . .        a - +0 spear (chaos)
rCold   + + .        (no shield)
rNeg    + + +        H - +0 scale mail
rPois   ∞            (no helmet)
rElec   +            (no cloak)
rCorr   .            (no gloves)
SInv    .            I - +0 pair of boots
Will    +....        Q - amulet "Wavaixkeal" {Faith rElec rC+} Stlth
                     W - +5 ring of evasion
HPRegen 0.30/turn    (no ring)
MPRegen 0.11/turn

%: faith
@: no status effects
A: cold resistance 1, negative energy resistance 3, torment resistance 2, heat
vulnerability 1, in touch with death 1, no potions, faith
a: Renounce Religion, Potion Petition, Call Merchant, Bribe Branch


You were on level 5 of the Dungeon.
You worshipped Gozag.
Gozag was aware of your devotion.
You visited 2 branches of the dungeon, and saw 6 of its levels.

You collected 415 gold pieces.
You spent 1 gold pieces at shops.
You paid 68 gold pieces to Gozag.

Inventory:

Hand Weapons
 a - a +0 spear of chaos (weapon)
 b - a -3 hand cannon
 L - a +0 halberd
 M - a +0 vampiric whip
Missiles
 J - 2 boomerangs
 O - 16 poisoned darts
 Y - 51 stones (quivered)
Armour
 H - a +0 scale mail (worn)
 I - a +0 pair of boots (worn)
 N - a +2 leather armour
 X - a +0 chain mail
Jewellery
 Q - the amulet "Wavaixkeal" (around neck) {Faith rElec rC+}
   (You found it on level 5 of the Dungeon)

   [amulet of faith]

   Faith:     It allows you to gain divine favour quickly.
   rC+:       It protects you from cold.
   rElec:     It insulates you from electricity.
 W - a +5 ring of evasion (left hand)
Wands
 P - a wand of polymorph (6)
Scrolls
 m - 2 scrolls of revelation
 K - a scroll of blinking {unknown}
 R - a scroll of poison {unknown}
 T - 2 scrolls of teleportation
 U - a scroll of amnesia
 V - 3 scrolls of vulnerability
 Z - a scroll of noise {unknown}


   Skills:
 - Level 5.0 Fighting
 + Level 8.3 Polearms
 - Level 2.0 Armour
 - Level 2.0 Dodging


You had 7 spell levels left.
You didn't know any spells.
Your spell library contained the following spells:

 Spells                   Type           Power      Damage    Failure   Level
 Summon Small Mammal      Summ           0%         N/A       77%         1
 Call Canine Familiar     Summ           0%         N/A       98%         3
 Frozen Ramparts          Ice            0%         1d1       98%         3
 Hailstorm                Conj/Ice       0%         3d5       98%         3
 Summon Ice Beast         Ice/Summ       0%         N/A       98%         3
 Leda's Liquefaction      Alch/Erth      0%         N/A       100%        4
 Petrify                  Alch/Erth      0%         N/A       100%        4
 Summon Blazeheart Golem  Fire/Summ      0%         N/A       100%        4
 Metabolic Englaciation   Hex/Ice        0%         N/A       100%        5
 Sculpt Simulacrum        Ice/Alch       0%         N/A       100%        6


Dungeon Overview and Level Annotations

Branches:
Dungeon (5/15) Zot: 22326  Temple (1/1) D:4 Zot: 5981

Altars:
Ashenzari
Cheibriados
Dithmenos
Fedhas
Gozag
Hepliaklqana
Kikubaaqudgha
Makhleb
Okawaru
Ru
Sif Muna
Uskayaw
Vehumet
Wu Jian
Xom
Yredelemnul

Shops:
D:4 *

Annotations:
D:4 dig


Innate Abilities, Weirdness & Mutations

You are immune to poison.
Your flesh is cold resistant. (rC+)
You are immune to negative energy. (rN+++)
You are immune to unholy pain and torment.
You are vulnerable to heat. (rF-)
You are in touch with the powers of death.
You do not drink.
You have a special connection with the divine. (Faith)


Message History

The yak bellows!
You hear a bellow!
The yak moves out of view. 2 yaks come into view.
The yak bellows! x2
A yak comes into view.
A yak comes into view.
A yak comes into view.
You open the door.
There is an open door here.
You see here a +0 hand axe.
You see here a +0 spear.
There is a stone staircase leading up here.
You reach to attack!
You hit the yak but do no damage.
The yak flies into a frenzy!
You closely miss the yak. The yak gores you.
You hit the yak.
The yak is poisoned.
The yak is lightly wounded.
The yak misses you.
You puncture the yak! You freeze the yak.
The yak is heavily wounded.
The yak completely misses you.
You barely miss the yak.
The yak is heavily wounded.
The yak gores you!!
You are too injured to fight recklessly!
You are too injured to fight recklessly!
You are too injured to fight recklessly!
You are too injured to fight recklessly!
You barely miss the yak.
The yak is heavily wounded.
The yak gores you!
You hit the yak.
The yak is severely wounded.
The yak closely misses you.
You hit the yak.
The yak is severely wounded.
The yak gores you!!
* * * LOW HITPOINT WARNING * * *
As you read the scroll of butterflies, it crumbles to dust.
You hear the flapping of tiny wings.
The yak is knocked back by the sudden gust.
The yak completely misses your butterfly.
You hit the yak.
The yak is severely wounded.
The yak closely misses you.
You hit the yak. You burn the yak.
The yak is almost dead.
The yak gores you!
You die...
Your body crumbles into a pile of gold.

##.#######..#####.#....##....
#...............#.#######....
######..##....Y.........#....
#.Y###+###.#.#####.#....
#...)....#.#># #......
#.###....#Y#.###########
#........#..............
#####.####......#.......
#.#@b#..Y##.......).
#Y##Y#....##........
#.##.#..#.###.####.#
#.##b#..#.###.# #.#
#...b#..#...#.####+#
##.###..###.#....... ###..#
#..............
#....######.#.##Y.....
###'##♣P~♣#....)####+#


You could see a neutral yak (fast, strong, frenzied, very poisoned, ally
target).

Vanquished Creatures
  5 water moccasins
  A swamp drake (D:4)
  An ogre (D:4)
  2 phantoms
  2 bombardier beetles (D:3)
  A hound (D:2)
  A gnoll bouda (D:4)
  3 orc priests (D:4)
  2 orc wizards (D:4)
  Natasha (thrice) (D:4)
  2 sleepcaps (D:5)
  5 adders
  4 gnolls (D:4)
  4 dart slugs
  4 ribbon worms
  15 orcs
  8 endoplasms
  2 giant cockroaches
  8 goblins
  8 hobgoblins
  11 jackals
  10 kobolds
  6 quokkas
  8 ball pythons
  10 bats
  3 frilled lizards
  7 rats
136 creatures vanquished.

Notes
Turn   | Place    | Note
-------+----------+-------------------------------------------
     0 | D:1      | Ge0ff the Mummy Chaos Knight began the quest for the Orb.
     0 | D:1      | Reached XP level 1. HP: 18/18 MP: 1/1
     0 | D:1      | Fell from the grace of Xom
   263 | D:1      | Reached skill level 3 in Polearms
   263 | D:1      | Reached XP level 2. HP: 24/24 MP: 2/2
   585 | D:1      | Reached XP level 3. HP: 24/29 MP: 3/3
  1127 | D:2      | Reached skill level 4 in Polearms
  1127 | D:2      | Reached XP level 4. HP: 35/35 MP: 4/4
  1879 | D:3      | Found a burning altar of Makhleb.
  2351 | D:3      | Reached XP level 5. HP: 41/41 MP: 5/5
  2420 | D:3      | Found an ancient bone altar of Kikubaaqudgha.
  2421 | D:3      | Found a shimmering altar of Xom.
  2483 | D:3      | Reached skill level 5 in Polearms
  2703 | D:3      | Reached skill level 1 in Dodging
  3219 | D:4      | Noticed an ogre
  3227 | D:4      | an ogre changed into a water moccasin
  3227 | D:4      | Noticed a water moccasin
  3244 | D:4      | Killed a water moccasin
  3245 | D:4      | Reached XP level 6. HP: 43/48 MP: 6/6
  3280 | D:4      | XOM: cloud trail
  3382 | D:4      | Noticed a water moccasin
  3434 | D:4      | Killed a water moccasin
  3452 | D:4      | XOM: summons 5 hostile demons
  3453 | D:4      | Noticed a neqoxec
  3703 | D:4      | Noticed Natasha
  3722 | D:4      | Killed Natasha
  3890 | D:4      | XOM: noise
  4005 | D:4      | Found Ruidiast's Lightly-Used Armoury.
  4031 | D:4      | Reached XP level 7. HP: 51/54 MP: 7/7
  4058 | D:4      | Bought a -3 hand cannon for 1 gold piece
  4109 | D:4      | Reached skill level 6 in Polearms
  4180 | D:4      | XOM: 10-stop teleportation journey
  4242 | D:4      | Noticed Natasha
  4336 | D:4      | Killed Natasha
  4742 | D:4      | XOM: stat loss: -1 Int (10/11)
  4756 | D:4      | XOM: summons 3 hostile demons
  4757 | D:4      | Noticed a chaos spawn
  4757 | D:4      | Noticed a neqoxec
  4804 | D:3      | XOM: summons 1 hostile shadow creature
  5084 | D:4      | Found a staircase to the Ecumenical Temple.
  5091 | D:4      | XOM: polymorph quokka -> swamp drake
  5100 | Temple   | Entered the Ecumenical Temple
  5109 | Temple   | Became a worshipper of Gozag Ym Sagoz the Greedy
  5160 | D:4      | Reached skill level 7 in Polearms
  5186 | D:4      | Noticed Natasha
  5195 | D:4      | Killed Natasha
  5550 | D:4      | Reached XP level 8. HP: 56/61 MP: 8/8
  5652 | D:4      | XOM: stat loss: -2 Str (15/17)
  5948 | D:4      | Found a staircase to the Ecumenical Temple.
  6039 | D:4      | XOM: summons 1 hostile demon
  6195 | D:4      | Found Ruidiast's Lightly-Used Armoury.
  6259 | D:5      | Entered Level 5 of the Dungeon
  6426 | D:5      | Identified the amulet "Wavaixkeal" {Faith rElec rC+}
  6767 | D:5      | XOM: summons 3 hostile shadow creatures
  7023 | D:5      | Reached skill level 5 in Fighting
  7085 | D:5      | Reached skill level 8 in Polearms
  7749 | D:5      | HP: 2/62 [yak (22)]
  7752 | D:5      | Mangled by a yak

Illustrated notes

Levels and vault maps discovered:
D:1:      saegor_arrival_simple_b, layout_basic
D:2:      layout_loops_ring
D:3:      wad_crossroads, layout_basic, mainiacjoe_overflow_chevrons,
          chequers_temple_overflow_statue_of_worship, palyth_stone_intersect
D:4:      layout_basic, minmay_temple_entry_wispy, minmay_shop_damaged,
          amcnicky_mini_rare_corridor_liquid, hex_intersection,
          due_unseen_surprise, uniq_natasha
D:5:      minmay_inner_zag, layout_basic, lemuel_round_altar,
          hangedman_decor_clover_reticule, saegor_snake_ambush
Temple:   nicolae_temple_two_arcs

Skill      XL: |  1  2  3  4  5  6  7  8 |
---------------+-------------------------+-----
Polearms       | 3 4 5 7 8 |  8.3
Dodging        | 1 2 |  2.0
Armour         | 2 |  2.0
Fighting       | 4 5 |  5.0

Action                     |  1- 3 |  4- 6 |  7- 9 || total
---------------------------+-------+-------+-------++-------
  Melee: Spear             |   113 |   236 |   257 ||   606
         Punch             |     2 |     5 |    12 ||    19
   Fire: Hand cannon       |       |       |     2 ||     2
  Throw: Stone             |       |     4 |       ||     4
 Invoke: Renounce Religion |     1 |       |       ||     1
    Use: Scroll            |       |     2 |     3 ||     5
   Stab: Paralysed         |     1 |       |     2 ||     3
         Confused          |       |     1 |     2 ||     3
         Distracted        |       |     1 |     1 ||     2
 Armour: Leather armour    |    41 |    26 |       ||    67
         Scale mail        |       |    57 |    91 ||   148
  Dodge: Dodged            |    48 |   144 |   115 ||   307

Table legend: (Time is in decaauts)
 A = Elapsed time spent in this place.
 B = Non-inter-level travel time spent in this place.
 C = Inter-level travel time spent in this place.
 D = Time resting spent in this place.
 E = Time spent auto-exploring this place.
 F = Levels seen in this place.
 G = Mean time per level.
                   A        B        C        D        E       F      G
               +--------+--------+--------+--------+--------+-----+--------+
         Total |   7691 |   7593 |     98 |   1546 |   4579 |   6 | 1281.8 |
       Dungeon |   7673 |   7575 |     98 |   1546 |   4579 |   5 | 1534.6 |
        Temple |     18 |     18 |      0 |      0 |      0 |   1 |   18.0 |
               +--------+--------+--------+--------+--------+-----+--------+

Top non-repeatable levels by time:
     D:4: 2347 daAuts
     D:3: 1955 daAuts
     D:5: 1493 daAuts
     D:1: 1063 daAuts
     D:2: 814 daAuts
  Temple: 18 daAuts
